 Dungeon Sprint DCSS version 0.22-a0-429-g97ce8ef (webtiles) character file.

56 ForestKing the Reanimator (level 3, -2/24 HPs)
             Began as a Demonspawn Necromancer on May 25, 2018.
             Slain by a scorpion (8 damage)
             ... in the Dungeon (Sprint IX: "|||||||||||||||||||||||||||||").
             The game lasted 00:00:46 (171 turns).

ForestKing the Reanimator (Demonspawn Necromancer)   Turns: 171, Time: 00:00:46

Health: -2/24      AC:  2    Str:  9    XL:     3   Next: 69%
Magic:  4/7        EV: 13    Int: 16    God:
Gold:   0          SH:  0    Dex: 13    Spells: 6/7 levels left

rFire    . . .     SeeInvis .   (no weapon)
rCold    . . .     Gourm    .   (no shield)
rNeg     . . .     Faith    .   a - +0 robe
rPois    .         Spirit   .   (no helmet)
rElec    .         Reflect  .   (no cloak)
rCorr    .         Harm     .   (no gloves)
MR       .....     NoTele   +   (no boots)
Stlth    ++........             (no amulet)
HPRegen  0.08/turn              (no ring)
MPRegen  0.10/turn              (no ring)

@: lethally poisoned (-2 -> -5), berserk cooldown, slowed, very slow
A: foul stench 1, rot immunity
a: no special abilities


You were in the Dungeon.
You were not hungry.

You visited 1 branch

Inventory:

Armour
 a - a +0 robe (worn)
Scrolls
 i - a scroll of blinking
Potions
 d - a potion of curing
 e - a potion of heal wounds
 f - a potion of haste
 g - a potion of magic
Comestibles
 b - 3 chunks of flesh
 c - a ration


   Skills:
 + Level 2.4 Dodging
 + Level 2.4 Stealth
 + Level 0.6 Unarmed Combat
 + Level 2.7 Spellcasting
 * Level 8.3 Necromancy


You had 6 spell levels left.
You knew the following spells:

 Your Spells              Type           Power        Failure   Level  Hunger
a - Pain                  Necr           ####         1%          1    #......

Your spell library contained the following spells:

 Spells                   Type           Power        Failure   Level  Hunger
 Animate Dead             Necr           N/A          6%          4    #####..
 Animate Skeleton         Necr           N/A          1%          1    #......
 Vampiric Draining        Necr           ####......   1%          3    ###....
 Regeneration             Chrm/Necr      ###.......   11%         3    ###....


Dungeon Overview and Level Annotations

Branches:
Dungeon (1/1)

Altars:


Innate Abilities, Weirdness & Mutations

You may emit foul miasma when damaged in melee.
You are immune to rotting.


Message History

The worker ant is heavily wounded.
You hit the worker ant.
The worker ant is severely wounded.
You are no longer berserk.
You are exhausted.
You feel yourself slow down.
You feel sick. The worker ant bites you.
The worker ant looks sick.
You hit the worker ant.
The worker ant is almost dead.
The worker ant bites you. The worker ant barely misses you.
You hit the worker ant.
You kill the worker ant!
Your Necromancy skill increases to level 8!
You feel sick.
You hit the scorpion but do no damage. The scorpion stings you.
* * * LOW HITPOINT WARNING * * *
The scorpion closely misses you.
You barely miss the scorpion.
You feel sick. The scorpion barely misses you.
You hit the scorpion but do no damage. The scorpion stings you!
You die...

▓+▓
▓.▓
▓.▓
▓.▓
▓.▓
▓s▓
▓@▓
▓.▓
▓.▓
▓.▓
▓.▓
▓.▓
▓'▓
▓.▓
▓.▓


You could see a scorpion.

Vanquished Creatures
  An iguana (D)
  A worker ant (D)
  A giant cockroach (D)
  A jackal (D)
  A quokka (D)
  A bat (D)
  2 frilled lizards (D)
  A kobold (D)
9 creatures vanquished.

Notes
Turn   | Place    | Note
-------+----------+-------------------------------------------
     0 | D        | ForestKing the Demonspawn Necromancer began the quest for the Orb.
     0 | D        | Reached XP level 1. HP: 13/13 MP: 3/3
     6 | D        | Reached skill level 5 in Necromancy
   151 | D        | Noticed a scorpion
   151 | D        | Noticed a worker ant
   151 | D        | Noticed an iguana
   157 | D        | Killed an iguana
   157 | D        | Reached skill level 7 in Necromancy
   157 | D        | Gained mutation: You are immune to rotting. [demonic ancestry]
   157 | D        | Reached XP level 2. HP: 19/19 MP: 3/5
   157 | D        | Gained mutation: You may emit foul miasma when damaged in melee. [demonic ancestry]
   157 | D        | Reached XP level 3. HP: 24/24 MP: 3/6
   168 | D        | Reached skill level 8 in Necromancy
   171 | D        | Slain by a scorpion

Vault maps used:
D:        linesprint

Skill      XL: |  1  2  3 |
---------------+----------+-----
Necromancy     | 7 8 |  8.3
Dodging        | 2 |  2.4
Stealth        | 2 |  2.4
Unarmed Combat | |  0.6
Spellcasting   | |  2.7

Action                   || total
-------------------------++-------
Melee: Unarmed           ||    18
 Cast: Pain              ||     6
  Use: Potion            ||     2
Armor: Robe              ||     1
Dodge: Dodged            ||    12

Table legend:
 A = Spawn XP
 B = Non-spawn XP
 C = Spawn XP percentage of total XP
 D = Spawn monster count
 E = Non-spawn monster count
 F = Spawn count percentage of total count
 G = Total turns spent on level
                    A         B        C        D         E        F      G
               +---------+---------+-------+---------+---------+-------+---------
         Total |       0 |      80 |   0.0 |       0 |       9 |   0.0 |   171
               +---------+---------+-------+---------+---------+-------+---------
             D |       0 |      80 |   0.0 |       0 |       9 |   0.0 |   171
               +---------+---------+-------+---------+---------+-------+---------
